 Dungeon Crawl Stone Soup version 0.21-a0-229-g3587535 (webtiles) character file.

422 roguesci the Grasshopper (level 6, -1/47 HPs)
             Began as a Demonspawn Warper on Sept 1, 2017.
             Slain by a kobold (3 damage)
             ... on level 3 of the Dungeon.
             The game lasted 00:12:32 (3581 turns).

roguesci the Grasshopper (Demonspawn Warper)        Turns: 3581, Time: 00:12:33

Health: -1/47      AC:  5    Str: 12    XL:     6   Next: 63%
Magic:  11/11      EV: 11    Int: 14    God:
Gold:   118        SH:  0    Dex: 14    Spells: 7/11 levels left

rFire    + . .     SeeInvis .   g - +0 whip (distort)
rCold    x . .     Gourm    .   (no shield)
rNeg     + . .     Faith    .   i - -1 ring mail (curse)
rPois    .         Spirit   .   r - +0 helmet
rElec    .         Reflect  .   (no cloak)
rCorr    .         Harm     .   (no gloves)
MR       .....                  (no boots)
Stlth    +.........             (no amulet)
HPRegen  0.15/turn              m - ring of positive energy (curse)
MPRegen  0.12/turn              o - ring of fire

@: no status effects
A: talons 2, blurry vision 1, high mp 1, subdued magic 1
a: no special abilities


You were on level 3 of the Dungeon.
You were not hungry.

You visited 1 branch of the dungeon, and saw 3 of its levels.

You collected 118 gold pieces.

Inventory:

Hand Weapons
 a - a +1 falchion
 g - a +0 whip of distortion (weapon)
Missiles
 e - 5 tomahawks of dispersal (quivered)
 l - 7 tomahawks of returning
 p - 88 stones
Armour
 b - a +0 leather armour
 i - a cursed -1 ring mail (worn)
 r - a +0 helmet (worn)
Jewellery
 m - a cursed ring of positive energy (left hand)
 o - a ring of fire (right hand)
Scrolls
 d - 2 scrolls of blinking
 h - a scroll of remove curse {unknown}
 j - 2 scrolls of teleportation
 k - 2 scrolls of identify
Potions
 n - a potion of degeneration {unknown}
Books
 c - a book of Spatial Translocations

   Spells                             Type                      Level
   a - Blink                          Translocation                2
   b - Shroud of Golubria             Charms/Translocation         2
   c - Lesser Beckoning               Translocation                3
   d - Gell's Gravitas                Translocation                3
   e - Teleport Other                 Translocation                3
   f - Passage of Golubria            Translocation                4
Comestibles
 f - 2 bread rations
 q - 5 chunks of flesh


   Skills:
 + Level 3.1 Fighting
 - Level 2.4 Long Blades
 + Level 0.0 Maces & Flails
 + Level 1.9 Throwing
 + Level 2.2 Armour
 * Level 3.1 Dodging
 + Level 1.7 Stealth
 + Level 3.0 Spellcasting
 + Level 1.7 Charms
 + Level 3.1 Translocations


You had 7 spell levels left.
You knew the following spells:

 Your Spells              Type           Power        Failure   Level  Hunger
a - Shroud of Golubria    Chrm/Tloc      #.........   22%         2    ##.....
b - Blink                 Tloc           N/A          16%         2    ##.....


Dungeon Overview and Level Annotations

Branches:
Dungeon (3/15)

Altars:
Cheibriados
Dithmenos


Innate Abilities, Weirdness & Mutations

You have razor-sharp toenails.
Scrolls take you a little longer to read.
You have an increased reservoir of magic. (+10% MP)
Your spells are a little easier to cast, but a little less powerful.


Message History

The rat splashes around in the water.
The hobgoblin misses you. The hobgoblin closely misses you.
The orc hits you but does no damage.
The orc splashes around in the water.
The kobold hits you but does no damage. The orc hits you.
* * * LOW HITPOINT WARNING * * *
The hobgoblin hits you but does no damage.
The rat closely misses you.
The hobgoblin hits you but does no damage.
The hobgoblin hits you with a club.
* * * LOW HITPOINT WARNING * * *
The orc barely misses you. The orc hits you but does no damage.
The kobold hits you.
* * * LOW HITPOINT WARNING * * *
The orc hits you but does no damage.
The rat splashes around in the water.
The hobgoblin closely misses you. x2
The orc hits you.
* * * LOW HITPOINT WARNING * * *
The hobgoblin closely misses you. The orc closely misses you.
The kobold hits you.
You die...

## ..#. .. . ..'
... #. ..#.... #.
..#.... ####..
.......
...#..##o......
......gooK.....
.....sg@gSo.....
......rKoo.......
.....≈Kgl≈.$.....
.....≈≈.≈≈.......
.....≈≈(≈≈.......
......((≈.......
###.(........##
#.....%....#
####.......#


You could see 6 orcs, a giant cockroach, 4 hobgoblins, a ball python, 3 kobolds,
a frilled lizard and a rat.

Vanquished Creatures
  Sigmund (D:2)
  A black bear (D:3)
  2 orc wizards (D:3)
  A centaur skeleton (D:3)
  Robin (D:2)
  An adder (D:3)
  A worm (D:2)
  A dart slug (D:1)
  A leopard gecko (D:1)
  6 orcs (D:3)
  2 ball pythons (D:3)
  3 giant cockroaches
  15 goblins
  5 hobgoblins
  8 jackals
  7 kobolds
  A quokka (D:2)
  5 bats
  3 frilled lizards (D:2)
  9 rats
74 creatures vanquished.

Notes
Turn   | Place    | Note
-------+----------+-------------------------------------------
     0 | D:1      | roguesci the Demonspawn Warper began the quest for the Orb.
     0 | D:1      | Reached XP level 1. HP: 16/16 MP: 3/3
   121 | D:1      | Reached skill level 1 in Throwing
   252 | D:1      | Reached skill level 1 in Armour
   379 | D:1      | Gained mutation: You have sharp toenails. [demonic ancestry]
   379 | D:1      | Reached XP level 2. HP: 19/22 MP: 5/5
  1010 | D:2      | Learned a level 2 spell: Shroud of Golubria
  1013 | D:2      | Learned a level 2 spell: Blink
  1487 | D:2      | Reached XP level 3. HP: 25/27 MP: 1/6
  1584 | D:2      | Noticed Robin
  1673 | D:2      | Noticed Sigmund
  1716 | D:2      | Gained mutation: Your spells are a little easier to cast, but a little less powerful. [potion of mutation]
  1716 | D:2      | Gained mutation: Scrolls take you a little longer to read. [potion of mutation]
  1716 | D:2      | Gained mutation: You have an increased reservoir of magic. (+10% MP) [potion of mutation]
  1977 | D:2      | Killed Robin
  2108 | D:2      | Killed Sigmund
  2108 | D:2      | Reached skill level 1 in Stealth
  2108 | D:2      | Reached skill level 1 in Charms
  2108 | D:2      | Reached XP level 4. HP: 5/34 MP: 4/8
  2108 | D:2      | Reached XP level 5. HP: 6/40 MP: 4/9
  2446 | D:2      | Found a shadowy altar of Dithmenos.
  2613 | D:2      | Found a snail-covered altar of Cheibriados.
  2999 | D:3      | Gained mutation: You have razor-sharp toenails. [demonic ancestry]
  2999 | D:3      | Reached XP level 6. HP: 23/46 MP: 8/11
  3547 | D:3      | Found a glowing drain.
  3580 | D:3      | HP: 2/47 [kobold (4)]
  3581 | D:3      | Slain by a kobold

Vault maps used:
D:1:      elethiomel_arrival_infinity_welcomes_careful_drivers
D:2:      minitemple, first_bread, hangedman_decor_riveting, uniq_robin,
          uniq_sigmund
D:3:      portal_sewer_entry_a

Skill      XL: |  1  2  3  4  5  6 |
---------------+-------------------+-----
Throwing       | 1 |  1.9
Dodging        | 2 3 |  3.1
Armour         | 1 2 |  2.2
Long Blades    | 2 |  2.4
Stealth        | 1 |  1.7
Charms         | 1 |  1.7
Translocations | 3 |  3.1
Fighting       | 3 |  3.1
Spellcasting   | 3 |  3.0

Action                   |  1- 3 |  4- 6 || total
-------------------------+-------+-------++-------
Melee: Falchion          |   127 |    68 ||   195
       Kick              |    25 |    20 ||    45
       Whip              |       |    18 ||    18
 Cast: Shroud of Golubri |    11 |     7 ||    18
       Blink             |     3 |     1 ||     4
  Use: Potion            |     5 |       ||     5
       Scroll            |     2 |     2 ||     4
  Eat: Chunk             |     4 |     4 ||     8
       Fruit             |       |     3 ||     3
Armor: Leather armour    |    38 |     8 ||    46
       Skin              |    27 |       ||    27
       Ring mail         |       |    95 ||    95
Dodge: Dodged            |   120 |   143 ||   263
       Rpst.: Falchion   |    30 |    17 ||    47

Table legend:
 A = Spawn XP
 B = Non-spawn XP
 C = Spawn XP percentage of total XP
 D = Spawn monster count
 E = Non-spawn monster count
 F = Spawn count percentage of total count
 G = Total turns spent on level
                    A         B        C        D         E        F      G
               +---------+---------+-------+---------+---------+-------+---------
         Total |      20 |     584 |   3.3 |       6 |      68 |   8.1 |  3581
               +---------+---------+-------+---------+---------+-------+---------
           D:1 |       5 |      22 |  18.5 |       4 |      11 |  26.7 |  1206
           D:2 |       2 |     280 |   0.7 |       1 |      37 |   2.6 |  1775
           D:3 |      13 |     282 |   4.4 |       1 |      20 |   4.8 |   600
               +---------+---------+-------+---------+---------+-------+---------
